 Dungeon Crawl Stone Soup version 0.27-a0-1502-g47ed6a6988 (webtiles) character file.

Game seed: 13555740019506060562

204 wakim the Digger (level 5, 0/28 HPs)
             Began as a Gargoyle Earth Elementalist on July 9, 2021.
             Slain by an orc wizard (1 damage)
             ... on level 2 of the Dungeon.
             The game lasted 00:08:01 (2409 turns).

wakim the Digger (Gargoyle Earth Elementalist)      Turns: 2409, Time: 00:08:01

Health: 0/28       AC:  6    Str: 12    XL:     5   Next: 82%
Magic:  0/8        EV: 12    Int: 16    God:
Gold:   32         SH:  0    Dex: 10    Spells: 1/8 levels left

rFire    . . .     SeeInvis .   a - +2 dagger (speed)
rCold    . . .     Faith    .   (no shield)
rNeg     + . .     Spirit   .   b - +0 robe
rPois    ∞         Reflect  .   (no helmet)
rElec    +         Harm     .   (no cloak)
rCorr    .         Rampage  .   (no gloves)
Will     .....                  (no boots)
Stlth    ++........             (no amulet)
HPRegen  0.09/turn              (no ring)
MPRegen  0.11/turn              (no ring)

@: freezing walls
A: sickness immunity, AC +4, negative energy resistance 1, electricity
resistance, torment resistance 1, petrification resistance
a: no special abilities


You were on level 2 of the Dungeon.
You visited 1 branch of the dungeon, and saw 2 of its levels.

You collected 32 gold pieces.

Inventory:

Hand Weapons
 a - a +2 dagger of speed (weapon)
Missiles
 e - 19 poisoned darts
 s - 35 stones
Armour
 b - a +0 robe (worn)
Scrolls
 r - a scroll of identify


   Skills:
 - Level 2.3 Dodging
 - Level 3.0 Stealth
 - Level 2.0 Spellcasting
 * Level 1.8 Conjurations
 - Level 0.7 Transmutations
 * Level 1.6 Ice Magic
 * Level 5.8 Earth Magic


You had one spell level left.
You knew the following spells:

 Your Spells              Type           Power      Damage    Failure   Level
a - Sandblast             Erth           40%        2d10      1%          1
b - Frozen Ramparts       Ice            12%        1d3       32%         3
x - Stone Arrow           Conj/Erth      26%        3d8       13%         3

Your spell library contained the following spells:

 Spells                   Type           Power      Damage    Failure   Level
 Passwall                 Tmut/Erth      10%        N/A       9%          2
 Wereblood                Tmut           3%         N/A       24%         2
 Petrify                  Tmut/Erth      12%        N/A       47%         4
 Ice Form                 Ice/Tmut       5%         N/A       77%         4
 Summon Ice Beast         Ice/Summ       4%         N/A       83%         4
 Summon Hydra             Summ           0%         N/A       100%        7
 Sublimation of Blood     Necr           Unusable   N/A       N/A         2

Dungeon Overview and Level Annotations

Branches:
Dungeon (2/15)

Altars:

Shops:
D:2 [


Innate Abilities, Weirdness & Mutations

You are immune to sickness and miasma.
Your stone body is resilient. (AC +4)
You are immune to poison.
You resist negative energy. (rN+)
You are resistant to electric shocks. (rElec)
You are resistant to unholy torment.
You are immune to petrification.


Message History

Casting: Frozen Ramparts (extremely dangerous; 36% risk of failure)
Confirm with . or Enter, or press ? or * to list all spells.
You don't have enough magic to cast this spell.
Unknown command.
As you read the scroll labelled GUETUN JAVEL, it crumbles to dust.
It is a scroll of identify.
You don't have any unidentified items.
r - a scroll of identify The orc priest barely misses you.
Unknown command.
Unknown command.
Casting: Frozen Ramparts (extremely dangerous; 36% risk of failure)
Confirm with . or Enter, or press ? or * to list all spells.
The spell is extremely dangerous to cast (36% risk of failure)!
Continue anyway?
The walls around you are covered in ice.
The wall freezes something.
The wall freezes the orc priest.
The orc priest barely misses you.
You hit the orc priest.
The orc priest is moderately wounded.
The wall freezes something.
You hit the orc priest but do no damage.
The orc priest is moderately wounded.
The wall freezes the orc priest.
The orc priest closely misses you.
Unknown command.
You closely miss the orc priest.
The orc priest is moderately wounded.
The wall freezes something.
The wall freezes the orc priest.
The orc priest hits you but does no damage.
You hit the orc priest.
The orc priest is severely wounded.
The wall freezes something.
You barely miss the orc priest.
The orc priest is severely wounded.
The wall freezes the orc priest.
The orc priest hits you but does no damage.
You hit the orc priest.
You kill the orc priest!
The wall freezes something.
The wall freezes something.
Something hits you.
You die...

#.........# #.#.......
#...≈...≈..##.#.......
#..........o#.........
#..........⌠#..#######
#....o......#.##
#..≈.o.≈.. #.#
#........ ##.#
#)#########..#
#..)@.......##
##############
#......# ####+####.#
#.......#.#
#.##.##.#.#
####.#.#.#.#.########
#..'..#⌠#..'...).....
#.##.#.#.#.##########


There were no monsters in sight!

Vanquished Creatures
  2 orc priests (D:2)
  8 gnolls
  3 adders
  A worm (D:2)
  4 orcs (D:2)
  3 giant cockroaches
  6 goblins
  A hobgoblin (D:2)
  3 jackals (D:1)
  A quokka (D:2)
  A ball python (D:1)
  4 bats
  A frilled lizard (D:1)
  3 kobolds
  2 rats
43 creatures vanquished.

Vanquished Creatures (others)
  A plant (D:2)
1 creature vanquished.

Grand Total: 44 creatures vanquished

Notes
Turn   | Place    | Note
-------+----------+-------------------------------------------
     0 | D:1      | wakim the Gargoyle Earth Elementalist began the quest for
                  | the Orb.
     0 | D:1      | Reached XP level 1. HP: 10/10 MP: 3/3
   295 | D:1      | Reached XP level 2. HP: 8/15 MP: 1/5
   296 | D:1      | Reached skill level 4 in Earth Magic
   575 | D:1      | Reached XP level 3. HP: 19/19 MP: 2/6
  1220 | D:2      | Found Dufyen's Armour Emporium.
  1516 | D:2      | Reached XP level 4. HP: 24/24 MP: 4/7
  1520 | D:2      | Learned a level 3 spell: Stone Arrow
  1562 | D:2      | Reached skill level 5 in Earth Magic
  1724 | D:2      | Learned a level 3 spell: Frozen Ramparts
  1868 | D:2      | Reached skill level 1 in Conjurations
  1868 | D:2      | Reached XP level 5. HP: 24/28 MP: 1/8
  2041 | D:2      | Reached skill level 1 in Ice Magic
  2399 | D:2      | HP: 1/28 [orc priest/nerve-wracking pain (3)]
  2409 | D:2      | Slain by an orc wizard

Illustrated notes

Levels and vault maps discovered:
D:1:      doesnt_arrival_eight_statues, layout_basic
D:2:      cheibrodos_pilgrimage, layout_basic, serial_shops,
          nicolae_shop_waterfront, serial_bayou_ford_a,
          kennysheep_generic_room_9

Skill      XL: |  1  2  3  4  5 |
---------------+----------------+-----
Earth Magic    | 4 5 |  5.8
Dodging        | 2 |  2.3
Stealth        | 3 |  3.0
Conjurations   | 1 |  1.8
Ice Magic      | 1 |  1.6
Spellcasting   | |  2.0
Transmutations | |  0.7

Action                   |  1- 3 |  4- 6 || total
-------------------------+-------+-------++-------
Melee: Dagger            |    44 |    57 ||   101
       Unarmed           |     5 |       ||     5
 Cast: Sandblast         |    23 |    28 ||    51
       Frozen Ramparts   |       |     2 ||     2
  Use: Scroll            |     1 |     1 ||     2
       Potion            |     1 |     1 ||     2
 Stab: Sleeping          |     1 |       ||     1
       Distracted        |       |     1 ||     1
Armor: Robe              |    25 |    12 ||    37
Dodge: Dodged            |    58 |    24 ||    82

Table legend: (Time is in decaauts)
 A = Elapsed time spent in this place.
 B = Non-inter-level travel time spent in this place.
 C = Inter-level travel time spent in this place.
 D = Time resting spent in this place.
 E = Time spent auto-exploring this place.
 F = Levels seen in this place.
 G = Mean time per level.
                   A        B        C        D        E       F      G
               +--------+--------+--------+--------+--------+-----+--------+
         Total |   2390 |   2377 |     13 |    132 |   1612 |   2 | 1195.0 |
       Dungeon |   2390 |   2377 |     13 |    132 |   1612 |   2 | 1195.0 |
               +--------+--------+--------+--------+--------+-----+--------+

Top non-repeatable levels by time:
     D:2: 1316 daAuts
     D:1: 1074 daAuts
